 Dungeon Crawl Stone Soup version 0.28-a0-691-gad6df49e81 (webtiles) character file.

Game seed: 3536457360727945549

884 cheechan the Shooter (level 8, -8/71 (72) HPs)
             Began as a Naga Hunter on Oct 20, 2021.
             Mangled by a wyvern (13 damage)
             ... summoned by an orange crystal statue
             ... on level 8 of the Dungeon.
             The game lasted 00:19:55 (3963 turns).

cheechan the Shooter (Naga Hunter)                  Turns: 3963, Time: 00:19:56

HP:   -8/71 (72)    AC: 12    Str: 15    XL:     8   Next: 5%
MP:   8/8           EV:  9    Int: 16    God:
Gold: 206           SH:  0    Dex: 29    Spells: 5/7 levels left

rFire   . . .      SeeInvis +   k - +1 short sword (venom)
rCold   . . .      Faith    .   (no shield)
rNeg    . . .      Spirit   .   c - +0 leather armour
rPois   +          Reflect  .   (no helmet)
rElec   .          Harm     .   (no cloak)
rCorr   .          Rampage  .   (no gloves)
Will    +....                   h - +4 barding of Impermeability {*Slow Int+4 Dex+10 Stlth+}
Stlth   ++++......              (no amulet)
HPRegen 0.21/turn               f - +6 ring of dexterity
MPRegen 0.11/turn               (no ring)

@: attractive, flying, lightly drained, very slow
A: AC +2, large, see invisible, deformed body, poison resistance, slowness 2,
spit poison 1, naga tail 1
a: Spit Poison


You were on level 8 of the Dungeon.
You visited 1 branch of the dungeon, and saw 7 of its levels.

You collected 206 gold pieces.

Inventory:

Hand Weapons
 a - a +1 shortbow
 b - a +0 short sword
 k - a +1 short sword of venom (weapon)
 m - a +0 scythe
Missiles
 d - 11 arrows
 e - 123 stones (quivered)
 g - 11 bolts
 j - 18 poisoned darts
 u - 23 sling bullets
 w - a boomerang of dispersal
Armour
 c - a +0 leather armour (worn)
 h - the +4 barding of Impermeability (worn) {*Slow Int+4 Dex+10 Stlth+}
   (You acquired it on level 1 of the Dungeon)

   Int:       It affects your intelligence (+4).
   Dex:       It affects your dexterity (+10).
   *Slow:     It may slow you when you take damage.
   Stlth:     It makes you more stealthy.
Jewellery
 f - a +6 ring of dexterity (left hand)
 p - a ring of fire
Wands
 q - a wand of iceblast (11)
Potions
 i - a potion of might
 o - a potion of ambrosia {unknown}
 s - a potion of curing {unknown}
 t - a potion of magic {unknown}


   Skills:
 + Level 3.7 Fighting
 + Level 2.3 Short Blades
 + Level 7.0 Bows
 + Level 2.2 Armour
 + Level 2.3 Dodging
 + Level 3.4 Stealth


You had 5 spell levels left.
You knew the following spells:

 Your Spells              Type           Power      Damage    Failure   Level
a - Static Discharge      Conj/Air       0%         N/A       43%         2

Your spell library contained the following spells:

 Spells                   Type           Power      Damage    Failure   Level
 Beastly Appendage        Tmut           0%         N/A       30%         1
 Wereblood                Tmut           0%         N/A       43%         2
 Spider Form              Tmut/Pois      0%         N/A       67%         3
 Lightning Bolt           Conj/Air       0%         1d11      100%        5
 Maxwell's Capacitive Co  Air            0%         ∞         100%        8


Dungeon Overview and Level Annotations

Branches:
Dungeon (8/15)
 Temple: D:4-7         Lair: D:8-11

Altars:
Ashenzari
Trog

Shops:
D:3 [

Annotations:
D:8 exclusion: orange crystal statue


Innate Abilities, Weirdness & Mutations

Your serpentine skin is tough. (AC +2)
You have supernaturally acute eyesight. (SInv)
Armour fits poorly on your strangely shaped body.
Your system is resistant to poisons. (rPois)
You cover ground very slowly.
You can spit poison.
You have a snake-like lower body.


Message History

The orc wizard hits you but does no damage.
The wyvern bites you!
The necrophage hits you but does no damage.
You hit the orc.
The orc is poisoned.
The orc is lightly wounded.
The wyvern closely misses you.
The orc priest mumbles some strange prayers to Beogh against you.
Beogh smites you! The orc closely misses you. The necrophage barely misses you.
The wyvern bites you but does no damage.
You hit the orc.
You kill the orc!
The wyvern bites you.
The orc wizard gestures at you while chanting.
The puff of flame misses you. The orc closely misses you.
The necrophage barely misses you.
The orc wizard gestures at you while chanting.
The puff of flame misses you.
The wyvern bites you but does no damage.
The necrophage hits you.
You feel drained. The orc wizard closely misses you.
Things that are here:
a +0 whip; a +0 ring mail; an orc corpse The necrophage hits you but does no damage.
The orc priest hits you with a +0 hand axe.
* * * LOW HITPOINT WARNING * * *
The wyvern bites you but does no damage.
The orc priest hits you with a +0 hand axe.
* * * LOW HITPOINT WARNING * * *
The wyvern bites you!
* * * LOW HITPOINT WARNING * * *
The orc priest hits you but does no damage.
It was a potion of flight.
You feel very buoyant.
You fly up into the air.
The wyvern bites you but does no damage.
The wyvern bites you!
* * * LOW HITPOINT WARNING * * *
It was a potion of attraction.
You feel attractive to monsters. The wyvern bites you!
You die...

#..# #..# #..# #..# #..#
#..# ##..# ### #.o@# ...
##..l# ... ###..on#
########... ###.....o#
#........y.
8).......######.......o..
###......#.............#
###....#.#############
##...#.# #...#.#


You could see a wyvern (summoned), a necrophage (summoned), an orc priest, an
orc wizard (invisible) and an orc.

Vanquished Creatures
  Grinder (D:3)
  Sigmund (D:2)
  Edmund (D:4)
  A water moccasin (D:5)
  An orc warrior (D:7)
  A water moccasin skeleton (D:5)
  A jelly (D:4)
  An orc wizard (D:5)
  2 adders (D:2)
  3 worms (D:2)
  3 dart slugs
  6 orcs
  9 bats
  6 endoplasms
  5 giant cockroaches
  7 goblins
  3 hobgoblins (D:1)
  2 jackals
  4 quokkas
  6 ball pythons
  3 frilled lizards
  3 kobolds
  3 rats
73 creatures vanquished.

Notes
Turn   | Place    | Note
-------+----------+-------------------------------------------
     0 | D:1      | cheechan the Naga Hunter began the quest for the Orb.
     0 | D:1      | Reached XP level 1. HP: 19/19 MP: 1/1
   101 | D:1      | Reached skill level 4 in Bows
   101 | D:1      | Reached XP level 2. HP: 26/26 MP: 2/2
   233 | D:1      | Identified a scroll of acquirement
   234 | D:1      | Acquired the +4 barding of Impermeability {*Slow Int+4
                  | Dex+10 Stlth+}
  1084 | D:2      | Noticed Sigmund
  1244 | D:1      | Reached XP level 3. HP: 29/32 MP: 3/3
  1277 | D:2      | Killed Sigmund
  1278 | D:2      | Reached skill level 5 in Bows
  1278 | D:2      | Reached skill level 1 in Armour
  1278 | D:2      | Reached XP level 4. HP: 28/40 MP: 4/4
  1278 | D:2      | Reached XP level 5. HP: 32/46 MP: 5/5
  1480 | D:2      | Reached skill level 1 in Short Blades
  1543 | D:2      | Found a faded altar of an unknown god.
  1906 | D:2      | Reached XP level 6. HP: 54/55 MP: 6/6
  2250 | D:3      | Found a broken altar of Ashenzari.
  2411 | D:3      | Noticed Grinder
  2427 | D:3      | Paralysed by Grinder for 3 turns
  2436 | D:3      | Killed Grinder
  2437 | D:3      | Reached skill level 6 in Bows
  2567 | D:3      | Found Odghoyvap's Antique Armour Shop.
  2678 | D:4      | Reached XP level 7. HP: 62/62 MP: 7/7
  2757 | D:4      | Learned a level 2 spell: Static Discharge
  3268 | D:4      | Noticed Edmund
  3284 | D:4      | Killed Edmund
  3462 | D:5      | Entered Level 5 of the Dungeon
  3836 | D:5      | You fall into a shaft and drop 2 floors!
  3836 | D:7      | Found a bloodstained altar of Trog.
  3841 | D:7      | Reached skill level 7 in Bows
  3841 | D:7      | Reached XP level 8. HP: 65/72 MP: 8/8
  3855 | D:7      | You fall into a shaft and drop 1 floor!
  3947 | D:8      | Noticed an orange crystal statue
  3952 | D:8      | Noticed a wyvern
  3963 | D:8      | Mangled by a wyvern

Illustrated notes

Levels and vault maps discovered:
D:1:      dpeg_arrival_rooms_b, layout_basic, minmay_pentomino_t4
D:2:      layout_basic, ebering_ecumenical_altar_hall,
          kennysheep_generic_room_12, uniq_sigmund
D:3:      layout_loops_cross, nicolae_tso_swordbearing_angel,
          ashenzari_conservatory_becter, serial_shops,
          nicolae_shop_temple_entry_statues_fountains,
          ebering_ghost_reflecting_pool, uniq_grinder
D:4:      layout_basic, moated_statue, uniq_edmund
D:5:      layout_basic, palyth_temple_overflow_mages, uniq_eustachio
D:7:      layout_basic, trog_butcher_becter, mainiacjoe_overflow_tiny_flanked,
          serial_shops, shop, nicolae_stop_n_shop_2, shop_statue,
          eino_curves_02, uniq_harold, uniq_joseph
D:8:      minmay_statue_hallways, layout_basic, amcnicky_altar_gilded,
          nicolae_ossuary_entry_catacombs, kennysheep_cluttered_room,
          uniq_pikel, uniq_maurice

Skill      XL: |  1  2  3  4  5  6  7 |
---------------+----------------------+-----
Bows           | 4 5 6 7 |  7.0
Armour         | 1 2 |  2.2
Stealth        | 2 3 |  3.4
Short Blades   | 1 2 |  2.3
Fighting       | 3 |  3.7
Dodging        | 2 |  2.3

Action                   |  1- 3 |  4- 6 |  7- 9 || total
-------------------------+-------+-------+-------++-------
Melee: Short sword       |    13 |     8 |    38 ||    59
 Fire: Shortbow          |    53 |    75 |    30 ||   158
  Use: Scroll            |     5 |     2 |     3 ||    10
       Potion            |     1 |       |     3 ||     4
 Stab: Sleeping          |       |       |     1 ||     1
Armor: Leather armour    |    21 |    19 |    36 ||    76
Dodge: Dodged            |    26 |     8 |    42 ||    76

Table legend: (Time is in decaauts)
 A = Elapsed time spent in this place.
 B = Non-inter-level travel time spent in this place.
 C = Inter-level travel time spent in this place.
 D = Time resting spent in this place.
 E = Time spent auto-exploring this place.
 F = Levels seen in this place.
 G = Mean time per level.
                   A        B        C        D        E       F      G
               +--------+--------+--------+--------+--------+-----+--------+
         Total |   5109 |   5109 |      0 |    706 |     63 |   7 |  729.9 |
       Dungeon |   5109 |   5109 |      0 |    706 |     63 |   7 |  729.9 |
               +--------+--------+--------+--------+--------+-----+--------+

Top non-repeatable levels by time:
     D:1: 1709 daAuts
     D:4: 1131 daAuts
     D:2: 963 daAuts
     D:3: 814 daAuts
     D:5: 337 daAuts
     D:8: 128 daAuts
     D:7: 23 daAuts
